 Dungeon Crawl Stone Soup version 0.29.1-12-g30fa7ad0bf (webtiles) character file.

Game seed: 11966072824810130009

4029 Coolblue908 the Spear-Bearer (level 10, -1/88 HPs)
             Began as a Minotaur Fighter on Dec 16, 2022.
             Was an Elder of Okawaru.
             Killed from afar by a steam dragon (9 damage)
             ... with a ball of steam
             ... on level 8 of the Dungeon on Dec 17, 2022.
             The game lasted 00:33:24 (7450 turns).

Coolblue908 the Spear-Bearer (Minotaur Fighter)     Turns: 7450, Time: 00:33:26

Health: -1/88      AC: 18    Str: 25    XL:     10   Next: 4%
Magic:  9/9        EV:  7    Int:  5    God:    Okawaru [****..]
Gold:   346        SH: 11    Dex: 16    Spells: 9/9 levels left

rFire   . . .      SeeInvis .   r - +8 trident of the Octopus King {venom, rElec rPois}
rCold   . . .      Faith    .   c - +0 buckler
rNeg    . . .      Spirit   .   f - +1 plate armour
rPois   +          Reflect  +   (helmet restricted)
rElec   +          Harm     .   o - +0 cloak
rCorr   +          Rampage  .   (no gloves)
Will    .....                   y - +0 pair of boots
Stlth   ..........              l - amulet of reflection
HPRegen 0.24/turn               s - +6 ring of dexterity
MPRegen 0.11/turn               E - ring of resist corrosion

@: mighty, lethally poisoned (-1 -> -6), studying Armour
A: horns 2, retaliatory headbutt
a: Renounce Religion, Heroism, Finesse


You were on level 8 of the Dungeon.
You worshipped Okawaru.
Okawaru was greatly pleased with you.
You visited 1 branch of the dungeon, and saw 8 of its levels.

You collected 346 gold pieces.

Inventory:

Hand Weapons
 r - the +8 trident of the Octopus King (weapon) {venom, rElec rPois}
   (You found it on level 3 of the Dungeon)

   It poisons the flesh of those it strikes.
   rElec:     It insulates you from electricity.
   rPois:     It protects you from poison.
Missiles
 n - 6 atropa-tipped darts (quivered)
Armour
 c - a +0 buckler (worn)
 f - a +1 plate armour (worn)
 o - a +0 cloak (worn)
 y - a +0 pair of boots (worn)
Jewellery
 l - an amulet of reflection (around neck)
 s - a +6 ring of dexterity (left hand)
 v - a ring of magical power
 w - a ring of protection from cold
 E - a ring of resist corrosion (right hand)
Scrolls
 a - 3 scrolls of teleportation
 b - a scroll of identify
 h - a scroll of enchant weapon {unknown}
 i - a scroll of brand weapon
 j - 2 scrolls of amnesia
 q - a scroll of blinking
 u - 4 scrolls of poison
 z - 2 scrolls of immolation
Potions
 d - 2 potions of might
 e - 3 potions of brilliance
 g - 2 potions of curing
 t - a potion of ambrosia {unknown}
 x - a potion of attraction {unknown}
 B - a potion of magic
 C - a potion of cancellation
 H - a potion of invisibility
 I - a potion of mutation {unknown}


   Skills:
 * Level 7.8 Fighting
 + Level 4.4 Long Blades
 * Level 11.1 Polearms
 * Level 10.4 Armour
 + Level 1.4 Dodging
 + Level 6.9 Shields


You had 9 spell levels left.
You didn't know any spells.
Your spell library contained the following spells:

 Spells                   Type           Power      Damage    Failure   Level
 Shock                    Conj/Air       0%         1d3       100%        1
 Blink                    Tloc           0%         N/A       100%        2
 Conjure Flame            Conj/Fire      0%         6-21      100%        3
 Ignite Poison            Fire/Tmut/Pois 0%         N/A       100%        3
 Lesser Beckoning         Tloc           0%         N/A       100%        3
 Swiftness                Air            0%         N/A       100%        3
 Airstrike                Air            0%         2d(0-16)  100%        4
 Sticky Flame             Conj/Fire      0%         2d3       100%        4
 Manifold Assault         Tloc           0%         N/A       100%        5


Dungeon Overview and Level Annotations

Branches:
Dungeon (8/15)             Temple (0/1) D:4
   Lair: D:8-11

Altars:
Gozag
Hepliaklqana
Okawaru
Ru
Sif Muna
Wu Jian

Annotations:
D:8 Amaemon


Innate Abilities, Weirdness & Mutations

You have a pair of horns on your head.
You reflexively headbutt those who attack you in melee.


Message History

Something hits you!
* * * LOW HITPOINT WARNING * * *
You are poisoned.
Something completely misses you.
Something tail-slaps you but does no damage.
The steam dragon bites you but does no damage.
You block the steam dragon's attack.
You miss something. You headbutt something!
You feel very sick. Something hits you but does no damage. Something claws you.
* * * LOW HITPOINT WARNING * * *
Something tail-slaps you but does no damage.
The steam dragon bites you but does no damage.
You block the steam dragon's attack.
You puncture something!
You feel sick.
You hit something but do no damage.
You feel sick. Something hits you but does no damage.
You block something's attack. x2
The steam dragon bites you but does no damage.
The steam dragon claws you but does no damage.
You hit something. Your headbutt misses something.
You feel sick. Something hits you.
* * * LOW HITPOINT WARNING * * *
You block something's attack. x2
The steam dragon bites you but does no damage.
The steam dragon claws you.
* * * LOW HITPOINT WARNING * * *
You feel better. Something hits you!
* * * LOW HITPOINT WARNING * * *
Something claws you.
* * * LOW HITPOINT WARNING * * *
Something tail-slaps you but does no damage.
The steam dragon closely misses you. The steam dragon barely misses you.
You feel very mighty all of a sudden. Something hits you but does no damage.
You are poisoned.
Something claws you but does no damage.
Something tail-slaps you but does no damage.
The steam dragon breathes steam at you. The ball of steam hits you!
You die...

.. ..... .....
?....#######
....[......# #)#
......:./..# #.#
.^.........# #.#
......){@..# #.#
.......D...# #.#
####.......# #.#
#.......###.###.#
#####...........#
#.#####.##### #.#
#.# #.# #.# #.#
#.# #######


You could see a steam dragon (catching breath).

Vanquished Creatures
  A two-headed ogre (D:8)
  An orange demon (D:8)
  A shadow (D:6)
  The ghost of BallerZ the Stinger, an amateur DrVM (D:4)
  An ice beast (D:6)
  A black bear (D:6)
  A kobold brigand (D:7)
  A phantom (D:5)
  3 bullfrogs
  A gnoll sergeant (D:8)
  11 scorpions
  8 wights
  2 killer bees (D:5)
  An electric eel (D:6)
  5 howler monkeys
  2 quasits (D:4)
  6 orc priests
  2 jellies (D:5)
  6 hounds
  2 iguanas
  5 orc wizards
  3 gnolls (D:8)
  11 adders
  A shadow imp (D:6)
  2 ufetubi (D:5)
  2 worms
  2 dart slugs
  26 orcs
  3 ball pythons
  5 bats
  11 endoplasms
  7 giant cockroaches
  A goblin (D:1)
  5 hobgoblins
  11 jackals
  5 frilled lizards
  15 kobolds
  2 rats (D:1)
174 creatures vanquished.

Vanquished Creatures (others)
  9 fungi (D:4)
9 creatures vanquished.

Grand Total: 183 creatures vanquished

Notes
Turn   | Place    | Note
-------+----------+-------------------------------------------
     0 | D:1      | Coolblue908 the Minotaur Fighter began the quest for the
                  | Orb.
     0 | D:1      | Reached XP level 1. HP: 19/19 MP: 0/0
   107 | D:1      | Reached XP level 2. HP: 25/27 MP: 1/1
   615 | D:2      | Reached XP level 3. HP: 33/33 MP: 2/2
   702 | D:2      | Found a faded altar of an unknown god.
   781 | D:2      | Found an iron altar of Okawaru.
   802 | D:2      | Became a worshipper of Warmaster Okawaru
   858 | D:2      | Reached XP level 4. HP: 24/40 MP: 3/3
  2094 | D:3      | Reached XP level 5. HP: 33/47 MP: 4/4
  2244 | D:3      | Found the +8 trident of the Octopus King {venom, rElec
                  | rPois}
  2474 | D:4      | Found a transporter.
  2495 | D:4      | Found a transporter.
  2549 | D:4      | Noticed BallerZ's ghost (amateur DrVM)
  2563 | D:4      | Killed BallerZ's ghost
  2564 | D:4      | Reached skill level 1 in Polearms
  2564 | D:4      | Reached skill level 5 in Armour
  2564 | D:4      | Reached skill level 1 in Dodging
  2564 | D:4      | Reached XP level 6. HP: 13/55 MP: 5/5
  2566 | D:4      | Reached skill level 5 in Shields
  2574 | D:4      | Reached skill level 5 in Fighting
  2949 | D:4      | Found a hazy altar of Hepliaklqana.
  2951 | D:4      | Reached skill level 2 in Polearms
  2955 | D:4      | Reached * piety under Okawaru
  3493 | D:4      | Found a staircase to the Ecumenical Temple.
  3585 | D:5      | Entered Level 5 of the Dungeon
  3636 | D:5      | Found a runed translucent door.
  3643 | D:5      | Found a runed translucent door.
  3647 | D:5      | Reached skill level 3 in Polearms
  3647 | D:5      | Reached XP level 7. HP: 61/61 MP: 6/6
  3659 | D:5      | Reached skill level 4 in Polearms
  3660 | D:5      | Reached ** piety under Okawaru
  3664 | D:5      | Reached skill level 5 in Polearms
  3673 | D:5      | Reached XP level 8. HP: 43/69 MP: 7/7
  3928 | D:5      | Reached skill level 6 in Polearms
  4559 | D:5      | Reached *** piety under Okawaru
  4704 | D:5      | Reached skill level 7 in Polearms
  4783 | D:5      | Found a shimmering blue altar of Sif Muna.
  4783 | D:5      | Found an opulent altar of Gozag.
  5263 | D:6      | Reached skill level 8 in Polearms
  5502 | D:6      | Reached XP level 9. HP: 78/78 MP: 8/8
  5770 | D:6      | Found a sacrificial altar of Ru.
  6086 | D:7      | Reached **** piety under Okawaru
  6086 | D:7      | Received a gift from Okawaru
  6087 | D:7      | Reached skill level 9 in Polearms
  6117 | D:7      | Found an ornate altar of the Wu Jian Council.
  7148 | D:7      | Identified a scroll of acquirement
  7148 | D:7      | Acquired a manual of Armour
  7203 | D:8      | Reached skill level 10 in Polearms
  7423 | D:8      | Noticed an orange demon
  7427 | D:8      | Noticed Amaemon
  7428 | D:8      | Noticed a two-headed ogre
  7435 | D:8      | Killed an orange demon
  7440 | D:8      | Killed a two-headed ogre
  7441 | D:8      | Reached skill level 11 in Polearms
  7441 | D:8      | Reached skill level 10 in Armour
  7441 | D:8      | Reached XP level 10. HP: 58/88 MP: 9/9
  7450 | D:8      | Killed from afar by a steam dragon

Illustrated notes

Levels and vault maps discovered:
D:1:      lemuel_arrival_broad_hall, layout_rooms, hangedman_decor_lopped
D:2:      layout_rooms, nicolae_ecumenical_lake_church, serial_glass,
          glass_columns_a, glass_columns_c, due_unseen_surprise, basic_altar
D:3:      layout_basic
D:4:      layout_loops_ring, mainiacjoe_overflow_boulevard,
          minmay_temple_entry_enclosed_plants, gammafunk_ghost_stat_death
D:5:      lemuel_insect_pit, layout_basic, gammafunk_temple_overflow_elements,
          chequers_serial_rivers_large_a, st_stairs_11, grunt_ministairs_6,
          minmay_misc_feat_square
D:6:      layout_loops_corners, nicolae_ru_the_path_less_chosen,
          chequers_serial_rivers_room_b, kennysheep_boxes
D:7:      layout_loops_cross, nicolae_wu_jian_immortal_techniques, serial_glass,
          glass_columns_a, glass_columns_a, glass_columns_a, glass_columns_a,
          glass_columns_a, glass_columns_c, dk_vineyard_3
D:8:      layout_basic, zin_purify, mainiacjoe_overflow_catwalk, uniq_amaemon

Skill      XL: |  1  2  3  4  5  6  7  8  9 |
---------------+----------------------------+-----
Shields        | 4 5 6 |  6.9
Fighting       | 4 5 6 7 |  7.8
Armour         | 4 5 6 7 10 | 10.4
Long Blades    | 3 4 |  4.4
Polearms       | 1 3 5 8 11 | 11.1
Dodging        | 1 |  1.4

Action                   |  1- 3 |  4- 6 |  7- 9 | 10-12 || total
-------------------------+-------+-------+-------+-------++-------
Melee: Long sword        |    90 |    71 |       |       ||   161
       Headbutt          |     6 |    13 |    24 |     1 ||    44
       Trident           |       |    51 |   225 |     5 ||   281
  Use: Scroll            |       |     3 |    11 |       ||    14
       Potion            |       |       |     4 |     3 ||     7
Armor: Scale mail        |    48 |    41 |       |       ||    89
       Plate armour      |       |    99 |    74 |    18 ||   191
Dodge: Dodged            |    56 |    67 |    38 |     3 ||   164
Block: Buckler           |    15 |    99 |    81 |     8 ||   203
       Reflection        |       |       |     3 |       ||     3
